 Dungeon Sprint DCSS version 0.18-a0-33-g9e10395 (console) character file.

513541 Kellhus the Conqueror (level 21, -11/224 HPs)
             Began as a Demigod Fighter on Nov 5, 2015.
             Mangled by Gloorx Vloq (17 damage)
             ... in the Dungeon (Sprint IX: "|||||||||||||||||||||||||||||").
             The game lasted 00:58:54 (18921 turns).

Kellhus the Conqueror (Demigod Fighter)            Turns: 18921, Time: 00:58:55

Health: -11/224    AC: 46    Str: 21    XL:     21   Next: 0%
Magic:  52/52      EV: 32    Int: 12    God:
Gold:   301        SH:  0    Dex: 34    Spells: 0 memorised, 61 levels left

rFire  + + .     SeeInvis .     a - +14 plutonium sword {*Contam Stlth-}
rCold  + . .     Clarity  .     U - +6 gold dragon armour
rNeg   . . .     SustAt   +     (shield currently unavailable)
rPois  +         Gourm    .     R - +1 helmet
rElec  .         Spirit   .     r - +2 cloak
rCorr  .         Warding  .     M - +2 pair of gloves
rMut   .         NoTele   +     F - +0 pair of boots
MR     ++...                    N - amulet "Ukoolecu" {rPois Regen+ Dex+4 Slay+3}
Stlth  +++.......               q - ring "Ruwne" {rF+ Dex+3}
                                T - +4 ring of evasion

@: slowed, very slow, very resistant to hostile enchantments, fairly stealthy
A: deterioration 1, high mp 1, sustain attributes
a: no special abilities
}: 8/15 runes: decaying, serpentine, slimy, elven, silver, golden, abyssal,
gossamer


You were in the Dungeon.
You were not hungry.

You visited 1 branch You collected 1963 gold pieces.
You spent 1662 gold pieces at shops.

Inventory:

Hand Weapons
 a - the +14 plutonium sword (weapon) {*Contam Stlth-}
   (You found it in the Dungeon)

   It causes magical contamination when unequipped.
   It makes you less stealthy.
 b - a +2 scimitar of flaming
 B - the +10 sword of Jihad {holy, *Rage rN+ EV+3 Stlth-}
   (You found it in the Dungeon)

   It has been blessed by the Shining One to cause great damage to the undead
   and demons.
   It affects your evasion (+3).
   It protects you from negative energy.
   It may make you go berserk in combat.
   It makes you less stealthy.
 I - the +7 Sceptre of Asmodeus
   (You took it off Asmodeus in the Dungeon)
Missiles
 Y - 2 throwing nets (quivered)
Armour
 r - a +2 cloak (worn)
 F - a +0 pair of boots (worn)
 M - a +2 pair of gloves (worn)
 R - a +1 helmet (worn)
 U - a +6 gold dragon armour (worn)
 Z - a +0 large shield
Jewellery
 p - the amulet of Kuored {+Rage rC+}
   (You found it in the Dungeon)

   [amulet of rage]

   It protects you from cold.
   It lets you go berserk.
 q - the ring "Ruwne" (right hand) {rF+ Dex+3}
   (You found it in the Dungeon)

   [ring of dexterity]

   It affects your dexterity (+3).
   It protects you from fire.
 s - an uncursed amulet of guardian spirit
 G - a +4 ring of protection
 K - an uncursed ring of protection from magic
 L - an uncursed ring of ice
 N - the amulet "Ukoolecu" (around neck) {rPois Regen+ Dex+4 Slay+3}
   (You found it in the Dungeon)

   [amulet of regeneration]

   It affects your dexterity (+4).
   It affects your accuracy and damage with ranged weapons and melee attacks
   (+3).
   It protects you from poison.
   It increases your rate of regeneration.
 T - a +4 ring of evasion (left hand)
 W - an uncursed ring of see invisible
Wands
 l - a wand of frost (34)
 o - a wand of fire (4)
 t - a wand of hasting (0)
 J - a wand of heal wounds (0)
 X - a wand of teleportation (3)
Scrolls
 m - 6 scrolls of remove curse
 n - 3 scrolls of amnesia
 y - a scroll of recharging
 z - 9 scrolls of fear
 A - 3 scrolls of fog
 Q - 2 scrolls of identify
Potions
 f - 5 potions of curing
 i - 4 potions of magic
 w - a potion of agility
 O - a potion of brilliance
 S - a potion of ambrosia
Books
 d - a book of Envenomations

   Spells                             Type                      Level
   a - Spider Form                    Transmutation/Poison         3
   b - Alistair's Intoxication        Transmutation/Poison         4
   c - Olgreb's Toxic Radiance        Poison                       4
   d - Poisonous Cloud                Conjuration/Poison/Air       6
 x - the Incunabulum of Freezing Moulding
   (You found it in the Dungeon)

   Spells                             Type                      Level
   a - Ensorcelled Hibernation        Hexes/Ice                    2
   b - Stoneskin                      Transmutation/Earth          2
   c - Sticks to Snakes               Transmutation                2
   d - Throw Icicle                   Conjuration/Ice              4
   e - Dragon Form                    Transmutation                7
Miscellaneous
 P - the horn of Geryon
 V - a fan of gales
Comestibles
 e - 7 bread rations
 D - 28 fruits
 E - 7 meat rations


   Skills:
 O Level 27 Fighting
 O Level 27 Long Blades
 O Level 27 Armour
 O Level 27 Dodging
 O Level 27 Stealth
 O Level 27 Shields
 + Level 20.5 Spellcasting
 O Level 27 Evocations


You had 61 spell levels left.
You didn't know any spells.

Dungeon Overview and Level Annotations

Branches:
Dungeon (1/1)

Shops:
D }[([

Annotations:
D Cerebov, Gloorx Vloq


Innate Abilities, Weirdness & Mutations

You have an increased reservoir of magic (+10% MP).
Your attributes are resistant to harm.
Your body sometimes deteriorates upon taking damage.


Message History

Unknown command.
You cut Gloorx Vloq into ribbons!!!
Mutagenic energy flows through the plutonium sword!
Gloorx Vloq's body twists and writhes.
Gloorx Vloq is severely wounded.
Cerebov gestures.
Gloorx Vloq gestures at you. The poison arrow misses you.
Gloorx Vloq hits you but does no damage.
You cut Gloorx Vloq into ribbons!!!
Gloorx Vloq is severely wounded.
Gloorx Vloq moans, "I shall devour thy viscera!"
Gloorx Vloq calls on the powers of darkness!
Your body is wracked with pain!
* * * LOW HITPOINT WARNING * * *
Gloorx Vloq closely misses you.
Unknown command.
You slash Gloorx Vloq!
Gloorx Vloq is almost dead.
Gloorx Vloq hits you!
You die...

................................▓
▓▓▓▓▓▓▓▓▓▓▓▓▓▓▓▓▓▓▓▓▓▓▓▓▓▓▓▓▓▓▓▓▓
.)....'...................'.....▓
▓▓▓▓▓▓▓▓▓▓▓▓▓▓▓▓▓▓▓▓▓▓▓▓▓▓▓▓▓▓▓.▓
................................▓
▓▓▓▓▓▓▓▓▓▓▓▓▓▓▓▓▓▓▓▓▓▓▓▓▓▓▓▓▓▓▓▓▓
...'.........'...........'......▓
▓▓▓▓▓▓▓▓▓▓▓▓▓▓▓▓▓▓▓▓▓▓▓▓▓▓▓▓▓▓▓.▓
.....§§.§..2..&&@...............▓
▓▓▓▓▓▓▓▓▓▓▓▓▓▓▓▓▓▓▓▓▓▓▓▓▓▓▓▓▓▓▓▓▓
§§.....'.'φ..φ§& ▓▓▓▓▓▓▓▓▓▓▓▓▓▓▓▓


You could see Cerebov, Gloorx Vloq and a shadow demon.

Vanquished Creatures
  Asmodeus (D)
  3 ancient liches (D)
  4 orbs of fire (D)
  Mara (D)
  Mennas (D)
  8 greater mummies (D)
  Boris (D)
  Frederick (D)
  Margery (D)
  Norris (D)
  A large abomination (D)
  A shard shrike (D)
  Geryon (D)
  3 golden dragons (D)
  Nikola (D)
  Jory (D)
  Xtahua (D)
  2 bone dragons (D)
  6 electric golems (D)
  24 Orb Guardians (D)
  8 tentacled monstrosities (D)
  3 liches (D)
  5 deep elf blademasters (D)
  9 acid blobs (D)
  A deep elf master archer (D)
  A quicksilver dragon (D)
  A death cob (D)
  Gastronok (D)
  13 sphinxes (D)
  6 shadow dragons (D)
  4 fire giants (D)
  6 storm dragons (D)
  2 draconian monks (D)
  Ilsuiw (D)
  7 greater nagas (D)
  A ghost moth (D)
  A vault warden (D)
  A draconian scorcher (D)
  7 azure jellies (D)
  An iron dragon (D)
  A draconian knight (D)
  Louise (D)
  A deep elf sorcerer (D)
  A draconian zealot (D)
  9 emperor scorpions (D)
  2 ironheart preservers (D)
  2 draconian annihilators (D)
  A very ugly thing (D)
  9 vampire knights (D)
  4 stone giants (D)
  A draconian caller (D)
  3 green draconians (D)
  A deep elf demonologist (D)
  2 purple draconians (D)
  3 yellow draconians (D)
  A white draconian (D)
  2 red draconians (D)
  A mottled draconian (D)
  11 fire dragons (D)
  4 merfolk javelineers (D)
  25 vault guards (D)
  4 mummy priests (D)
  2 deep elf death magi (D)
  4 merfolk impalers (D)
  2 death oozes (D)
  2 great orbs of eyes (D)
  5 yaktaur captains (D)
  3 deep elf high priests (D)
  6 naga warriors (D)
  8 hydras (D)
  4 ice dragons (D)
  A satyr (D)
  Erica (D)
  2 alligator snapping turtles (D)
  2 merfolk aquamancers (D)
  6 ogre magi (D)
  2 merfolk avatars (D)
  3 tengu warriors (D)
  2 vampire magi (D)
  2 alligators (D)
  A deep troll shaman (D)
  Urug (D)
  A naga sharpshooter (D)
  A spriggan berserker (D)
  2 deep elf knights (D)
  A shadow wraith (D)
  A wretched star (D)
  3 hell knights (D)
  An unseen horror (shapeshifter) (D)
  A salamander mystic (D)
  4 ironbrand convokers (D)
  6 swamp dragons (D)
  A necromancer (D)
  An oklob plant (D)
  5 orc knights (D)
  A manticore (D)
  10 orc sorcerers (D)
  3 wolf spiders (D)
  2 ugly things (D)
  6 moths of wrath (D)
  3 hill giants (D)
  4 griffons (D)
  An octopode (D)
  3 black mambas (D)
  A torpor snail (D)
  A torpor snail (shapeshifter) (D)
  Psyche (D)
  A spiny frog (D)
  2 gargoyles (D)
  A smoke demon (D)
  3 naga magi (D)
  An efreet (D)
  A yaktaur (D)
  A wandering mushroom (D)
  16 guardian mummies (D)
  2 trolls (D)
  A deep elf priest (D)
  A wind drake (D)
  2 blink frogs (D)
  4 jumping spiders (D)
  A freezing wraith (D)
  5 polar bears (D)
  2 merfolk (D)
  A jumping spider (shapeshifter) (D)
  A bog body (D)
  3 slime creatures (D)
  A two-headed ogre (D)
  2 giant leeches (D)
  2 shadows (D)
  4 redbacks (D)
  A snapping turtle (D)
  A deep elf mage (D)
  2 trapdoor spiders (D)
  A deep elf fighter (D)
  A hippogriff (D)
  Eustachio (D)
  2 golden eyes (D)
  9 spriggans (D)
  A vampire mosquito (D)
  A wraith (D)
  A mottled dragon (D)
  A wyvern (D)
  A wolf (D)
  13 orc warriors (D)
  3 water moccasins (D)
  A porcupine (D)
  2 eyes of draining (D)
  4 black bears (D)
  A phantom (D)
  A centaur (D)
  2 small abominations (D)
  2 giant frogs (D)
  3 crocodiles (D)
  A quasit (D)
  4 orc priests (D)
  A hound (D)
  A crimson imp (D)
  6 orc wizards (D)
  2 iguanas (D)
  A sheep (D)
  A river rat (D)
  2 shadow imps (D)
  A white imp (D)
  2 giant eyeballs (D)
  2 ufetubi (D)
  2 adder zombies (D)
  2 adder skeletons (D)
  5 orcs (D)
  2 bat skeletons (D)
  A goblin (D)
  2 hobgoblins (D)
  A bat (D)
  A giant cockroach zombie (D)
  A jackal (D)
  A rat (D)
  A crawling corpse (D)
  A lurking horror (D)
511 creatures vanquished.

Vanquished Creatures (others)
  A naga sharpshooter (D)
  A spriggan druid (D)
  An ugly thing (D)
  A swamp drake (D)
  A shadow imp (D)
5 creatures vanquished.

Grand Total: 516 creatures vanquished

Notes
Turn   | Place    | Note
--------------------------------------------------------------
     0 | D        | Kellhus the Demigod Fighter began the quest for the Orb.
     0 | D        | Reached XP level 1. HP: 18/18 MP: 3/3
    23 | D        | Reached skill level 3 in Long Blades
    80 | D        | Noticed a hound
    84 | D        | Reached skill level 4 in Long Blades
    84 | D        | Reached XP level 2. HP: 25/25 MP: 4/4
    88 | D        | Reached skill level 6 in Long Blades
    88 | D        | Reached XP level 3. HP: 30/30 MP: 5/5
   131 | D        | Found a glowing silver altar of Zin.
   131 | D        | Found a glowing golden altar of the Shining One.
   131 | D        | Found an ancient bone altar of Kikubaaqudgha.
   131 | D        | Found a basalt altar of Yredelemnul.
   131 | D        | Found a shimmering altar of Xom.
   131 | D        | Found a radiant altar of Vehumet.
   132 | D        | Found an iron altar of Okawaru.
   133 | D        | Found a burning altar of Makhleb.
   134 | D        | Found a deep blue altar of Sif Muna.
   135 | D        | Found a bloodstained altar of Trog.
   136 | D        | Found a sparkling altar of Nemelex Xobeh.
   137 | D        | Found a white marble altar of Elyvilon.
   138 | D        | Found a roughly hewn altar of Beogh.
   139 | D        | Found a viscous altar of Jiyva.
   140 | D        | Found a corrupted altar of Lugonu.
   141 | D        | Found a blossoming altar of Fedhas.
   142 | D        | Found a snail-covered altar of Cheibriados.
   143 | D        | Found a shadowy altar of Dithmenos.
   144 | D        | Found a stormy altar of Qazlal.
   145 | D        | Found an opulent altar of Gozag.
   146 | D        | Found a sacrificial altar of Ru.
   163 | D        | Got the +2 halberd of Conformity {freeze, rC- rN+++ Dex+4}
   174 | D        | Noticed a troll
   174 | D        | Noticed a wraith
   174 | D        | Noticed a crocodile
   174 | D        | Noticed a phantom
   177 | D        | Reached skill level 7 in Long Blades
   179 | D        | Killed a troll
   179 | D        | Reached skill level 11 in Long Blades
   179 | D        | Reached XP level 4. HP: 29/37 MP: 6/6
   179 | D        | Reached XP level 5. HP: 32/42 MP: 7/7
   180 | D        | Killed a wraith
   180 | D        | Reached skill level 12 in Long Blades
   180 | D        | Reached XP level 6. HP: 38/50 MP: 8/8
   182 | D        | Reached skill level 13 in Long Blades
   243 | D        | Noticed a shadow
   243 | D        | Noticed a slime creature
   243 | D        | Noticed a cyan ugly thing
   243 | D        | Noticed a gargoyle
   244 | D        | Reached XP level 7. HP: 50/57 MP: 9/9
   246 | D        | Killed a shadow
   252 | D        | Killed a slime creature
   252 | D        | Reached skill level 5 in Fighting
   252 | D        | Reached skill level 5 in Armour
   252 | D        | Reached skill level 5 in Shields
   260 | D        | Killed a cyan ugly thing
   260 | D        | Reached XP level 8. HP: 44/70 MP: 10/10
   269 | D        | Killed a gargoyle
   492 | D        | Identified the Incunabulum of Freezing Moulding
   519 | D        | Noticed a spiny frog
   558 | D        | Killed a spiny frog
   571 | D        | Reached XP level 9. HP: 82/82 MP: 11/11
   702 | D        | Noticed an oklob plant
   927 | D        | Killed an oklob plant
  1075 | D        | Reached skill level 10 in Fighting
  1075 | D        | Reached skill level 10 in Armour
  1075 | D        | Reached skill level 10 in Shields
  1103 | D        | Reached XP level 10. HP: 87/94 MP: 13/13
  1194 | D        | Noticed Gastronok
  1239 | D        | Killed Gastronok
  1296 | D        | Noticed Eustachio
  1302 | D        | Killed Eustachio
  1323 | D        | Noticed Urug
  1333 | D        | Killed Urug
  1852 | D        | Found Cowes's Gadget Emporium.
  1852 | D        | Noticed an orc sorcerer
  1852 | D        | Noticed an orc sorcerer
  1852 | D        | Noticed an orc sorcerer
  1852 | D        | Noticed an orc sorcerer
  1921 | D        | Killed an orc sorcerer
  1929 | D        | Killed an orc sorcerer
  1929 | D        | Reached XP level 11. HP: 92/105 MP: 14/14
  2039 | D        | Found Vegrulaw's Antique Armour Shoppe.
  2041 | D        | Found Sacen's Weapon Emporium.
  2044 | D        | Found Engy's Armour Shoppe.
  2054 | D        | Noticed a sun demon
  2130 | D        | Bought a +2 plate armour of fire resistance for 440 gold pieces
  2217 | D        | Bought a wand of heal wounds (5) for 702 gold pieces
  2247 | D        | Noticed Psyche
  2255 | D        | Killed Psyche
  2358 | D        | Got the +5 dagger of Yrchyiry {venom, rElec rC+}
  2559 | D        | Killed an unseen horror
  2559 | D        | Reached skill level 14 in Fighting
  2566 | D        | Noticed a stone giant
  2567 | D        | Noticed an ogre mage
  2568 | D        | Noticed a vampire mage
  2569 | D        | Noticed a fire dragon
  2570 | D        | Noticed a deep troll shaman
  2571 | D        | Noticed a great orb of eyes
  2573 | D        | Noticed a vampire mage
  2577 | D        | Killed a stone giant
  2581 | D        | Killed a vampire mage
  2591 | D        | Killed a fire dragon
  2598 | D        | Killed an ogre mage
  2602 | D        | Killed a deep troll shaman
  2613 | D        | Killed a great orb of eyes
  2613 | D        | Reached skill level 15 in Armour
  2613 | D        | Reached XP level 12. HP: 48/118 MP: 15/15
  2616 | D        | Reached skill level 15 in Fighting
  2616 | D        | Reached skill level 15 in Shields
  2785 | D        | Noticed Erica
  2796 | D        | Killed Erica
  3358 | D        | Reached skill level 16 in Armour
  3571 | D        | Noticed a four-headed hydra
  3575 | D        | Killed a one-headed hydra
  3579 | D        | Noticed a four-headed hydra
  3598 | D        | Reached skill level 5 in Dodging
  3602 | D        | Killed a one-headed hydra
  3788 | D        | Reached skill level 17 in Fighting
  3788 | D        | Reached XP level 13. HP: 130/132 MP: 16/16
  4183 | D        | Noticed a fire giant
  4183 | D        | Noticed a fire giant
  4183 | D        | Noticed a sphinx
  4183 | D        | Noticed a fire giant
  4209 | D        | Killed a fire giant
  4214 | D        | Killed a fire giant
  4220 | D        | Killed a sphinx
  4228 | D        | Killed a fire giant
  4291 | D        | Noticed a lich
  4303 | D        | Killed a lich
  4303 | D        | Reached skill level 18 in Fighting
  4318 | D        | Reached skill level 10 in Dodging
  4509 | D        | Noticed an ironheart preserver
  4533 | D        | Killed an ironheart preserver
  4542 | D        | Reached skill level 19 in Fighting
  4548 | D        | Noticed a stone giant
  4607 | D        | Killed a stone giant
  4681 | D        | Reached XP level 14. HP: 146/146 MP: 17/17
  4746 | D        | Killed a large abomination
  4746 | D        | Reached skill level 20 in Armour
  4787 | D        | Noticed Jory
  4803 | D        | Killed Jory
  4964 | D        | Noticed Louise
  4983 | D        | Killed Louise
  5014 | D        | Noticed Mennas
  5016 | D        | Noticed Nikola
  5044 | D        | Killed Nikola
  5051 | D        | Killed Mennas
  5096 | D        | Noticed Frederick
  5152 | D        | Killed Frederick
  5152 | D        | Reached skill level 15 in Dodging
  5205 | D        | Noticed Margery
  5207 | D        | Reached skill level 21 in Armour
  5228 | D        | Killed Margery
  5311 | D        | Noticed Norris
  5312 | D        | Noticed Mara
  5313 | D        | Noticed Boris
  5314 | D        | Noticed Kellhus's illusion
  5340 | D        | Noticed Xtahua
  5349 | D        | Paralysed by Norris for 5 turns
  5388 | D        | Killed Norris
  5388 | D        | Reached XP level 15. HP: 144/158 MP: 18/18
  5396 | D        | Killed Boris
  5538 | D        | Killed Xtahua
  5727 | D        | Noticed Kellhus's illusion
  5731 | D        | Killed Mara
  5731 | D        | Reached skill level 22 in Fighting
  6057 | D        | Noticed Ilsuiw
  6084 | D        | Killed Ilsuiw
  6382 | D        | Reached skill level 23 in Armour
  6546 | D        | Got a serpentine rune of Zot
  6618 | D        | Reached XP level 16. HP: 64/172 MP: 19/19
  6762 | D        | Got a decaying rune of Zot
  7028 | D        | Got a gossamer rune of Zot
  7197 | D        | Reached skill level 24 in Armour
  7631 | D        | Noticed a tentacled monstrosity
  7681 | D        | Killed a tentacled monstrosity
  7741 | D        | Reached skill level 25 in Fighting
  8160 | D        | Got a dazzling rapier
  8195 | D        | Noticed a lich
  8195 | D        | Noticed a tentacled monstrosity
  8289 | D        | Killed a lich
  8346 | D        | Killed a tentacled monstrosity
  8346 | D        | Reached XP level 17. HP: 186/188 MP: 20/20
  8488 | D        | Got an uncursed smoking battleaxe {venom}
  8496 | D        | Got a silver rune of Zot
  8614 | D        | Got the amulet "Ukoolecu" {rPois Regen+ Dex+4 Slay+3}
  8618 | D        | Got the ring "Xofyocs" {Fire *Confuse Str-5 Int+4 Dex+11}
  8621 | D        | Got the amulet of Ajatan {+Fly rPois rF- Regen+ Str-2}
  8624 | D        | Got the ring "Ruwne" {rF+ Dex+3}
  8626 | D        | Got the amulet of Kuored {+Rage rC+}
  8644 | D        | Got the +11 scythe "Pibec" {drain, rF+ rN+ Int-3 Dex+2}
  8647 | D        | Got the +5 battleaxe of the Sugar Beet {pain, rF+}
  8651 | D        | Got the +5 broad axe "Ogrebane" {antimagic, rPois}
  8688 | D        | Got the +3 storm dragon armour "Ziqiv" {-Cast rElec rPois MP+9 Str+4}
  8850 | D        | Noticed a bone dragon
  8865 | D        | Killed a bone dragon
  8865 | D        | Reached skill level 26 in Fighting
  8899 | D        | Noticed a golden dragon
  8950 | D        | Killed a golden dragon
  9177 | D        | Noticed a tentacled monstrosity
  9219 | D        | Killed a tentacled monstrosity
  9294 | D        | Reached skill level 27 in Fighting
  9335 | D        | Noticed a tentacled monstrosity
  9335 | D        | Noticed an electric golem
  9402 | D        | Reached skill level 27 in Armour
  9409 | D        | Killed a tentacled monstrosity
  9570 | D        | Killed an electric golem
  9638 | D        | Noticed a golden dragon
  9655 | D        | Killed a golden dragon
  9721 | D        | Noticed a tentacled monstrosity
  9721 | D        | Noticed a tentacled monstrosity
  9721 | D        | Noticed a tentacled monstrosity
  9785 | D        | Killed a tentacled monstrosity
  9785 | D        | Reached skill level 15 in Long Blades
  9787 | D        | Killed a tentacled monstrosity
  9793 | D        | Killed a tentacled monstrosity
  9936 | D        | Reached XP level 18. HP: 198/200 MP: 21/21
 10139 | D        | Reached skill level 27 in Shields
 10262 | D        | Reached skill level 27 in Dodging
 10395 | D        | Noticed an ancient lich
 10403 | D        | Killed an ancient lich
 10442 | D        | Noticed an orb of fire
 10444 | D        | Gained mutation: You are frail (-10% HP). [an orb of fire]
 10447 | D        | Gained mutation: You are dopey. (Int -2) [an orb of fire]
 10448 | D        | Gained mutation: You are resistant to hostile enchantments. [an orb of fire]
 10451 | D        | Gained mutation: You are very dopey. (Int -4) [an orb of fire]
 10461 | D        | Killed an orb of fire
 10599 | D        | Noticed an orb of fire
 10599 | D        | Noticed an ancient lich
 10599 | D        | Noticed a golden dragon
 10600 | D        | Noticed an orb of fire
 10615 | D        | Killed an orb of fire
 10622 | D        | Killed an ancient lich
 10634 | D        | Killed an orb of fire
 10639 | D        | Killed a golden dragon
 10642 | D        | Noticed an orb of fire
 10746 | D        | Gained mutation: Your body sometimes deteriorates upon taking damage. [an orb of fire]
 10747 | D        | Gained mutation: Your spells are a little easier to cast, but a little less powerful. [an orb of fire]
 10752 | D        | Killed an orb of fire
 10752 | D        | Reached skill level 27 in Long Blades
 10752 | D        | Reached XP level 19. HP: 166/186 MP: 21/29
 10973 | D        | Reached skill level 15 in Evocations
 11264 | D        | Lost mutation: You are frail (-10% HP). [potion of cure mutation]
 11264 | D        | Lost mutation: Your spells are a little easier to cast, but a little less powerful. [potion of cure mutation]
 11264 | D        | Lost mutation: You are resistant to hostile enchantments. [potion of cure mutation]
 11264 | D        | Lost mutation: You are very dopey. (Int -4) [potion of cure mutation]
 11264 | D        | Lost mutation: You are dopey. (Int -2) [potion of cure mutation]
 11352 | D        | Noticed an ancient lich
 11410 | D        | Killed an ancient lich
 12962 | D        | Bought a fan of gales for 520 gold pieces
 14409 | D        | Reached skill level 27 in Evocations
 14440 | D        | Got an elven rune of Zot
 14529 | D        | Paralysed by a giant eyeball for 2 turns
 14534 | D        | Paralysed by a giant eyeball for 3 turns
 14543 | D        | Reached skill level 10 in Stealth
 14545 | D        | Paralysed by a giant eyeball for 4 turns
 14553 | D        | Paralysed by a giant eyeball for 2 turns
 14567 | D        | Noticed the royal jelly
 14605 | D        | Noticed a titan shaped Royal Jelly
 14605 | D        | the royal jelly changed into a titan shaped Royal Jelly
 14609 | D        | Noticed a shard shrike shaped Royal Jelly
 14609 | D        | a titan shaped Royal Jelly changed into a shard shrike shaped Royal Jelly
 15009 | D        | Killed a shard shrike shaped Royal Jelly
 15009 | D        | Reached XP level 20. HP: 216/216 MP: 43/43
 15131 | D        | Reached skill level 15 in Stealth
 15195 | D        | Got a slimy rune of Zot
 16453 | D        | Noticed a greater mummy
 16453 | D        | Noticed a greater mummy
 16453 | D        | Noticed a greater mummy
 16453 | D        | Noticed a greater mummy
 16453 | D        | Noticed a greater mummy
 16773 | D        | Killed a greater mummy
 16911 | D        | Killed a greater mummy
 16921 | D        | Killed a greater mummy
 16921 | D        | Reached skill level 27 in Stealth
 17241 | D        | Killed a greater mummy
 17297 | D        | Reached skill level 10 in Spellcasting
 17433 | D        | Killed a greater mummy
 17483 | D        | Noticed a greater mummy
 17499 | D        | Killed a greater mummy
 17520 | D        | Noticed a greater mummy
 17534 | D        | Killed a greater mummy
 17534 | D        | Reached skill level 15 in Spellcasting
 17649 | D        | Noticed a greater mummy
 17663 | D        | Killed a greater mummy
 17750 | D        | Got an abyssal rune of Zot
 17761 | D        | Got a golden rune of Zot
 18026 | D        | Noticed Geryon
 18037 | D        | Killed Geryon
 18065 | D        | Noticed Gloorx Vloq
 18065 | D        | Noticed Asmodeus
 18066 | D        | Noticed Cerebov
 18084 | D        | HP: 7/216 [Asmodeus/blast of hellfire (38)]
 18612 | D        | Killed Asmodeus
 18612 | D        | Reached XP level 21. HP: 54/224 MP: 48/52
 18914 | D        | HP: 9/222 [Gloorx Vloq] (6)]
 18915 | D        | HP: 3/224 [Gloorx Vloq] (10)]
 18920 | D        | HP: 6/224 [??? (3)]
 18921 | D        | Mangled by Gloorx Vloq

Vault maps used:
D:        linesprint

Action                   |  1- 3 |  4- 6 |  7- 9 | 10-12 | 13-15 | 16-18 | 19-21 || total
-------------------------+-------+-------+-------+-------+-------+-------+-------++-------
Melee: Long sword        |    36 |       |       |       |       |       |       ||    36
       Eudemon blade     |     1 |     4 |   120 |   430 |   722 |  1060 |       ||  2337
       Scimitar          |       |       |       |     6 |    38 |       |       ||    44
       Triple sword      |       |       |       |       |       |    45 |   651 ||   696
Evoke: Wand              |     3 |       |       |       |       |     1 |     9 ||    13
  Use: Potion            |     2 |     1 |     1 |     1 |     5 |     2 |    22 ||    34
       Scroll            |       |       |       |     4 |     2 |     2 |     5 ||    13
 Stab: Invisible         |       |     1 |     6 |       |       |       |       ||     7
  Eat: Chunk             |       |       |     4 |    12 |    14 |    19 |     5 ||    54
       Bread ration      |       |       |       |     1 |     1 |     1 |     3 ||     6
       Beef jerky        |       |       |       |     1 |       |     1 |       ||     2
       Fruit             |       |       |       |       |     2 |     1 |     9 ||    12
       Meat ration       |       |       |       |       |     1 |     1 |     3 ||     5
